 Dungeon Crawl Stone Soup version 0.27-a0-1281-ge233d83751 (webtiles) character file.

Game seed: 17453980104639039319

505 deadmanwalking the Magician (level 6, -2/32 HPs)
             Began as a Deep Elf Venom Mage on June 13, 2021.
             Was an Initiate of Sif Muna.
             Succumbed to kobold brigand's curare-tipped dart
             ... in a sewer.
             The game lasted 00:14:40 (5502 turns).

deadmanwalking the Magician (Deep Elf Venom Mage)   Turns: 5502, Time: 00:14:41

Health: -2/32      AC:  4    Str:  5    XL:     6   Next: 96%
Magic:  15/15      EV: 12    Int: 22    God:    Sif Muna [......]
Gold:   193        SH:  0    Dex: 15    Spells: 3/14 levels left

rFire    . . .     SeeInvis .   a - +1 dagger
rCold    + . .     Faith    .   (no shield)
rNeg     . . .     Spirit   .   f - +1 robe
rPois    .         Reflect  .   o - +0 helmet
rElec    .         Harm     .   (no cloak)
rCorr    .         Rampage  .   (no gloves)
Will     .....                  (no boots)
Stlth    +.........             (no amulet)
HPRegen  0.10/turn              m - ring of protection from cold
MPRegen  0.14/turn              (no ring)

@: lethally poisoned (-2 -> -42), slowed, very slow
A: no striking features
a: Renounce Religion


You were in a sewer.
You worshipped Sif Muna.
Sif Muna was noncommittal.
You visited 2 branches of the dungeon, and saw 5 of its levels.
You also visited: Sewer.

You collected 193 gold pieces.

Inventory:

Hand Weapons
 a - a +1 dagger (weapon)
Missiles
 b - 14 poisoned darts
 e - 30 sling bullets
 h - 113 stones
 l - 57 bolts
 t - 2 curare-tipped darts
Armour
 f - a +1 robe (worn)
 o - a +0 helmet (worn)
 r - a +0 kite shield
Jewellery
 m - a ring of protection from cold (left hand)
Wands
 k - a wand of polymorph (10)
Scrolls
 n - a scroll of teleportation
 q - a scroll of blinking
 s - a scroll of identify
Potions
 c - a potion of lignification
 d - a potion of mutation
 g - 2 potions of heal wounds
 i - a potion of magic
 j - 2 potions of curing
 p - a potion of degeneration {unknown}


   Skills:
 - Level 2.4 Dodging
 - Level 2.4 Stealth
 + Level 4.9 Spellcasting
 + Level 2.4 Conjurations
 + Level 3.3 Transmutations
 + Level 2.5 Fire Magic
 + Level 2.2 Air Magic
 + Level 4.7 Poison Magic
 + Level 2.0 Invocations


You had 3 spell levels left.
You knew the following spells:

 Your Spells              Type           Power      Damage    Failure   Level
a - Sting                 Tmut/Pois      92%        1d7       1%          1
b - Ignite Poison         Fire/Tmut/Pois 21%        N/A       7%          3
c - Mephitic Cloud        Conj/Pois/Air  19%        N/A       9%          3
d - Olgreb's Toxic Radia  Pois           26%        N/A       14%         4

Your spell library contained the following spells:

 Spells                   Type           Power      Damage    Failure   Level
 Poisonous Vapours        Pois/Air       40%        N/A       3%          2


Dungeon Overview and Level Annotations

Branches:
Dungeon (4/15)             Temple (1/1) D:4           Sewer (1/1)

Altars:
Ashenzari
Cheibriados
Dithmenos
Elyvilon
Hepliaklqana
Kikubaaqudgha
Makhleb
Okawaru
Qazlal
Sif Muna
Trog
Uskayaw
Vehumet
Yredelemnul
Zin
The Shining One


Message History

You hear a splash. x2
Your Invocations skill increases to level 2!
You feel sick.
You are no longer poisoned.
Your magical contamination has completely faded away.
b - 14 poisoned darts (gained 7)
Items here: )) ††.
Items here: )) ††.
You enter the shallow water.
Moving in this stuff is going to be slow.
You enter the shallow water.
Moving in this stuff is going to be slow.
You enter the shallow water.
Moving in this stuff is going to be slow.
You enter the shallow water.
Moving in this stuff is going to be slow.
You enter the shallow water.
Moving in this stuff is going to be slow.
An adder and a kobold brigand come into view.
The kobold brigand is wielding a +0 dagger and quivering curare-tipped darts.
Aiming: Polymorph
Press: ? - help, Shift-Dir - straight line, f - kobold brigand
Aim: a kobold brigand, wielding a +0 dagger and quivering curare-tipped darts (asleep, will become a boggart, a killer bee, or a water moccasin, chance to affect: 46%)
Okay, then.
You enter the shallow water.
Moving in this stuff is going to be slow.
A worm and a kobold brigand come into view.
The kobold brigand is wielding a +0 dagger and quivering curare-tipped darts.
The kobold brigand shouts!
The kobold brigand throws a curare-tipped dart.
The curare-tipped dart hits you.
You are poisoned.
You have difficulty breathing.
You feel yourself slow down.
The kobold brigand throws a curare-tipped dart.
The curare-tipped dart hits you.
You are lethally poisoned!
You have difficulty breathing.
You feel as though you will be slow longer.
Ouch! That really hurt!
You die...

#...≈≈..## #≈≈≈≈.≈..# ####
≈≈≈≈.≈≈.≈####≈..≈.≈≈###≈≈≈
≈.≈≈≈≈≈≈≈≈≈########≈..≈)##
≈≈#####≈≈≈≈.# #####≈≈≈ .
##..≈.# #### ##≈..# #.≈.#
#≈≈.# ##@≈≈## #≈≈≈≈≈#
#≈###.# #≈# #≈# #≈# #≈#
≈≈. ≈≈≈ ≈#≈ ≈#≈ #≈ ≈#≈ ≈#
#K w#≈ ≈#


There were no monsters in sight!

Vanquished Creatures
  4 kobold brigands (Sewer)
  Jessica (D:2)
  A centaur skeleton (D:4)
  A hound skeleton (D:4)
  Robin (D:2)
  5 adders
  4 river rats (Sewer)
  3 worms
  3 dart slugs
  2 orcs (D:3)
  3 endoplasms
  2 giant cockroaches
  10 goblins
  5 hobgoblins
  2 jackals (D:1)
  2 quokkas
  7 ball pythons
  4 bats
  2 frilled lizards (D:1)
  7 kobolds
  9 rats
78 creatures vanquished.

Notes
Turn   | Place    | Note
-------+----------+-------------------------------------------
     0 | D:1      | deadmanwalking the Deep Elf Venom Mage began the quest for
                  | the Orb.
     0 | D:1      | Reached XP level 1. HP: 10/10 MP: 6/6
   554 | D:1      | Reached XP level 2. HP: 15/15 MP: 1/8
  1555 | D:2      | Reached XP level 3. HP: 16/19 MP: 1/10
  1559 | D:2      | Learned a level 3 spell: Ignite Poison
  1563 | D:2      | Learned a level 3 spell: Mephitic Cloud
  1687 | D:2      | Noticed Jessica
  1696 | D:2      | Killed Jessica
  1884 | D:2      | Reached XP level 4. HP: 17/24 MP: 7/11
  2048 | D:2      | Reached skill level 1 in Air Magic
  2053 | D:2      | Learned a level 4 spell: Olgreb's Toxic Radiance
  2142 | D:2      | Reached skill level 1 in Fire Magic
  2470 | D:2      | Noticed Robin
  2490 | D:2      | HP: 1/24 [Robin (6)]
  2495 | D:2      | Killed Robin
  2496 | D:2      | Reached skill level 1 in Conjurations
  3886 | D:4      | Reached XP level 5. HP: 23/28 MP: 1/13
  3931 | D:4      | Found a staircase to the Ecumenical Temple.
  3941 | Temple   | Entered the Ecumenical Temple
  4165 | Temple   | Became a worshipper of Sif Muna the Loreminder
  4244 | D:4      | Found a glowing drain.
  4259 | Sewer    | Entered a sewer
  4499 | Sewer    | Reached skill level 1 in Invocations
  4807 | Sewer    | Reached XP level 6. HP: 30/32 MP: 6/14
  5502 | Sewer    | Succumbed to kobold brigand's curare-tipped dart

Illustrated notes

Levels and vault maps discovered:
D:1:      heliophobic_arrival_ceremonial_halls, layout_basic, serial_glass,
          glass_columns_a, glass_columns_a, minmay_split_cup_small
D:2:      layout_basic, minivault_19, uniq_jessica, uniq_robin
D:3:      layout_basic, minmay_bisected
D:4:      layout_loops_cross, minmay_temple_entry_glass, portal_sewer_entry_c,
          minmay_crystal_room
Temple:   roderic_octagonal_lattice_temple
Sewer:    sewer_co_tree

Skill      XL: |  1  2  3  4  5  6 |
---------------+-------------------+-----
Transmutations | 2 3 |  3.3
Poison Magic   | 4 |  4.7
Spellcasting   | 4 |  4.9
Air Magic      | 1 2 |  2.2
Fire Magic     | 1 2 |  2.5
Conjurations   | 1 2 |  2.4
Invocations    | 1 2 |  2.0
Dodging        | |  2.4
Stealth        | |  2.4

Action                   |  1- 3 |  4- 6 || total
-------------------------+-------+-------++-------
Melee: Dagger            |       |    16 ||    16
Throw: Dart              |     1 |       ||     1
 Cast: Sting             |    70 |   125 ||   195
       Ignite Poison     |       |     5 ||     5
  Use: Scroll            |     6 |     4 ||    10
       Potion            |       |     6 ||     6
Armor: Robe              |     3 |    42 ||    45
       Skin              |       |     2 ||     2
Dodge: Dodged            |    13 |    84 ||    97

Table legend: (Time is in decaauts)
 A = Elapsed time spent in this place.
 B = Non-inter-level travel time spent in this place.
 C = Inter-level travel time spent in this place.
 D = Time resting spent in this place.
 E = Time spent auto-exploring this place.
 F = Levels seen in this place.
 G = Mean time per level.
                   A        B        C        D        E       F      G
               +--------+--------+--------+--------+--------+-----+--------+
         Total |   5611 |   5322 |    289 |    215 |   4393 |   6 |  935.2 |
       Dungeon |   4020 |   3747 |    273 |      0 |   3178 |   4 | 1005.0 |
        Temple |    241 |    225 |     16 |      0 |    221 |   1 |  241.0 |
         Sewer |   1348 |   1348 |      0 |    215 |    994 |   1 | 1348.0 |
               +--------+--------+--------+--------+--------+-----+--------+

Top non-repeatable levels by time:
     D:1: 1631 daAuts
   Sewer: 1348 daAuts
     D:2: 1259 daAuts
     D:3: 915 daAuts
  Temple: 241 daAuts
     D:4: 214 daAuts
